 Dungeon Crawl Stone Soup version 0.29-a0-275-g389c0b56f3 (webtiles) character file.

Game seed: 7702890813769983248

316 siradein the Bolt Thrower (level 6, 0/49 (53) HPs)
             Began as a Hill Orc Hunter on Mar 9, 2022.
             Slain by a wight
             ... wielding a +0 battleaxe
              (6 damage)
             ... on level 3 of the Dungeon.
             The game lasted 00:06:27 (2269 turns).

siradein the Bolt Thrower (Hill Orc Hunter)         Turns: 2269, Time: 00:06:28

HP:   0/49 (53)     AC:  9    Str: 15    XL:     6   Next: 44%
MP:   6/6           EV: 12    Int: 11    God:
Gold: 105           SH:  0    Dex: 19    Spells: 5/5 levels left

rFire   . . .      SeeInvis +   a - +1 hand crossbow
rCold   . . .      Faith    .   (no shield)
rNeg    . . .      Spirit   .   m - +3 ring mail "Muazun" {Dex+6}
rPois   .          Reflect  .   (no helmet)
rElec   .          Harm     .   (no cloak)
rCorr   .          Rampage  .   l - +0 pair of gloves
Will    .....                   (no boots)
Stlth   +.........              e - amulet of regeneration
HPRegen 0.96/turn               i - ring of see invisible
MPRegen 0.10/turn               (no ring)

@: drained
A: no striking features
a: no special abilities


You were on level 3 of the Dungeon.
You visited 1 branch of the dungeon, and saw 4 of its levels.

You collected 105 gold pieces.

Inventory:

Hand Weapons
 a - a +1 hand crossbow (weapon)
Armour
 l - a +0 pair of gloves (worn)
 m - the +3 ring mail "Muazun" (worn) {Dex+6}
   (You found it on level 3 of the Dungeon)

   Dex:       It affects your dexterity (+6).
Jewellery
 e - an amulet of regeneration (around neck)
 i - a ring of see invisible (left hand)
Scrolls
 b - 2 scrolls of magic mapping
 c - a scroll of immolation
 d - a scroll of silence {unknown}
 f - 2 scrolls of teleportation {unknown}
 k - a scroll of summoning {unknown}
Potions
 g - 2 potions of heal wounds {unknown}
 h - 3 potions of curing {unknown}
 j - a potion of mutation {unknown}


   Skills:
 + Level 4.5 Fighting
 + Level 4.6 Crossbows
 + Level 3.1 Armour
 + Level 3.0 Dodging
 - Level 0.7 Stealth


You had 5 spell levels left.
You didn't know any spells.
Your spell library was empty.

Dungeon Overview and Level Annotations

Branches:
Dungeon (4/15)
 Temple: D:4-7

Altars:
Okawaru
Trog
Xom

Shops:
D:4 (

Annotations:
D:2 Sigmund


Message History

You are too injured to fight recklessly!
You are too injured to fight recklessly!
Shoot: a) +1 hand crossbow
Press: ? - help, Q - select action Shift-Dir - straight line, f/p - wight
Aim: a wight, wielding a +0 battleaxe and wearing a +0 robe (moderately damaged, 67% to hit)
You shoot a bolt. The bolt barely misses the wight.
The wight hits you with a +0 battleaxe!
Shoot: a) +1 hand crossbow
Press: ? - help, Q - select action Shift-Dir - straight line, f/p - wight
Aim: a wight, wielding a +0 battleaxe and wearing a +0 robe (moderately damaged, 67% to hit)
You shoot a bolt. The bolt barely misses the wight.
The wight barely misses you. The wight attacks as you move away!
The wight hits you with a +0 battleaxe.
* * * LOW HITPOINT WARNING * * *
The wight attacks as you move away! The wight barely misses you.
The wight attacks as you move away! The wight hits you with a +0 battleaxe.
* * * LOW HITPOINT WARNING * * *
The wight attacks as you move away! The wight hits you with a +0 battleaxe.
* * * LOW HITPOINT WARNING * * *
You see here a +0 chain mail.
The wight attacks as you move away! The wight hits you with a +0 battleaxe!
* * * LOW HITPOINT WARNING * * *
You feel drained. The wight attacks as you move away!
The wight hits you but does no damage.
Shoot: a) +1 hand crossbow
Press: ? - help, Q - select action Shift-Dir - straight line, f/p - wight
Aim: a wight, wielding a +0 battleaxe and wearing a +0 robe (moderately damaged, 67% to hit)
You shoot a bolt.
The bolt hits the wight but does no damage.
The wight is moderately damaged.
The wight hits you with a +0 battleaxe!
* * * LOW HITPOINT WARNING * * *
The wight closely misses you.
Shoot: a) +1 hand crossbow
Press: ? - help, Q - select action Shift-Dir - straight line, f/p - wight
Aim: a wight, wielding a +0 battleaxe and wearing a +0 robe (moderately damaged, 67% to hit)
You shoot a bolt. The bolt hits the wight.
The wight is heavily damaged.
The wight hits you with a +0 battleaxe.
You die...

.# #........##.#
.# #........##.#
.# #.......[##.#
.# #........##.#
## #........##[# #
#####†#####.# #
#.......#.# #
#[......#z# #
#.......#@#
########.......#.#
......##.......#.#
......##.......#.#
......##.......#.#
......##.......#.#
............#'##.#
###.........#.##.#
............#.##.#


You could see a wight.

Vanquished Creatures
  Blork the orc (D:4)
  2 wights (D:3)
  A howler monkey (D:2)
  2 adders (D:2)
  A white imp (D:4)
  A worm (D:3)
  A dart slug (D:3)
  5 endoplasms
  A giant cockroach (D:2)
  11 goblins
  3 hobgoblins
  8 jackals
  11 kobolds
  3 quokkas
  7 ball pythons
  6 bats
  2 frilled lizards
  10 rats
76 creatures vanquished.

Notes
Turn   | Place    | Note
-------+----------+-------------------------------------------
     0 | D:1      | siradein the Hill Orc Hunter began the quest for the Orb.
     0 | D:1      | Reached XP level 1. HP: 18/18 MP: 1/1
    43 | D:1      | Reached XP level 2. HP: 25/25 MP: 2/2
   102 | D:1      | Reached skill level 1 in Armour
   276 | D:1      | Reached XP level 3. HP: 31/31 MP: 3/3
   377 | D:1      | Found a faded altar of an unknown god.
   798 | D:2      | Noticed Sigmund
   849 | D:2      | Reached XP level 4. HP: 29/38 MP: 4/4
   907 | D:2      | Found a shimmering altar of Xom.
  1210 | D:2      | Reached XP level 5. HP: 37/46 MP: 5/5
  1394 | D:3      | Found an iron altar of Okawaru.
  1473 | D:3      | Identified the +3 ring mail "Muazun" {Dex+6}
  1955 | D:4      | Noticed Blork the orc
  1964 | D:4      | Killed Blork the orc
  1994 | D:4      | Noticed a moth of wrath
  1997 | D:4      | Found a bloodstained altar of Trog.
  2062 | D:4      | Found Waustromy's Weapon Boutique.
  2107 | D:3      | Reached XP level 6. HP: 22/51 MP: 6/6
  2269 | D:3      | Slain by a wight

Illustrated notes

Levels and vault maps discovered:
D:1:      saegor_arrival_simple_d, layout_basic,
          chequers_ecumenical_altar_simple_redux, grunt_decor_mini_mirrors,
          minmay_pentomino_s4
D:2:      layout_rooms, basic_altar, hangedman_feature_mirror, uniq_sigmund
D:3:      layout_basic, okawaru_gym_becter
D:4:      layout_loops_ring, tgw_trog, ebering_ghost_inner_flame, serial_shops,
          shop, uniq_blork_the_orc

Skill      XL: |  1  2  3  4  5  6 |
---------------+-------------------+-----
Armour         | 1 2 3 |  3.1
Fighting       | 3 4 |  4.5
Dodging        | 2 3 |  3.0
Crossbows      | 4 |  4.6
Stealth        | |  0.7

Action                   |  1- 3 |  4- 6 || total
-------------------------+-------+-------++-------
 Fire: Hand crossbow     |   109 |   133 ||   242
  Use: Scroll            |       |     1 ||     1
Armor: Leather armour    |    10 |     9 ||    19
       Chain mail        |       |     8 ||     8
       Ring mail         |       |    15 ||    15
Dodge: Dodged            |    21 |    56 ||    77

Table legend: (Time is in decaauts)
 A = Elapsed time spent in this place.
 B = Non-inter-level travel time spent in this place.
 C = Inter-level travel time spent in this place.
 D = Time resting spent in this place.
 E = Time spent auto-exploring this place.
 F = Levels seen in this place.
 G = Mean time per level.
                   A        B        C        D        E       F      G
               +--------+--------+--------+--------+--------+-----+--------+
         Total |   2370 |   2319 |     51 |    132 |   1566 |   4 |  592.5 |
       Dungeon |   2370 |   2319 |     51 |    132 |   1566 |   4 |  592.5 |
               +--------+--------+--------+--------+--------+-----+--------+

Top non-repeatable levels by time:
     D:3: 831 daAuts
     D:1: 729 daAuts
     D:2: 610 daAuts
     D:4: 198 daAuts
